[ PARTIDA AOE2 · #494211369 ]
UnrankedFrancos vs Italians
Equipo del jugador · DERR
[ ANÁLISIS DE REPETICIÓN · EXTRAÍDO DE LA PARTIDA GRABADA ]
Feudal
12:44
Castillos
17:36
Imperial
38:15
| APM promedio | 23.3 |
| APM pico | 51 |
| eAPM promedio | 15.2 |
| Aldeanos / militares | 170 / 461 |
Foco
⚔️ 29.9% · 🌾 70.1%
Spearman ×333 · Knight ×115 · Trebuchet (Packed) ×10 · Battering Ram ×2 · Throwing Axeman ×1
Feudal
11:13
Castillos
15:21
Imperial
32:29
| APM promedio | 19.8 |
| APM pico | 44 |
| eAPM promedio | 14.6 |
| Aldeanos / militares | 136 / 312 |
Foco
⚔️ 37.8% · 🌾 62.2%
Knight ×302 · Trebuchet (Packed) ×5 · Scout Cavalry ×3 · Monk ×1 · Spearman ×1
Feudal
11:54
Castillos
15:22
Imperial
31:19
| APM promedio | 17.7 |
| APM pico | 61 |
| eAPM promedio | 10.3 |
| Aldeanos / militares | 109 / 338 |
Foco
⚔️ 34.7% · 🌾 65.3%
Hand Cannoneer ×161 · Skirmisher ×119 · Genoese Crossbowman ×50 · Bombard Cannon ×8
Feudal
12:02
Castillos
16:25
Imperial
42:44
| APM promedio | 53.1 |
| APM pico | 95 |
| eAPM promedio | 30.2 |
| Aldeanos / militares | 144 / 235 |
Foco
⚔️ 42.7% · 🌾 57.3%
Janissary ×212 · Battering Ram ×12 · Bombard Cannon ×7 · Archer ×2 · Trebuchet (Packed) ×2
Feudal
11:40
Castillos
15:33
Imperial
58:27
| APM promedio | 23.7 |
| APM pico | 47 |
| eAPM promedio | 17.5 |
| Aldeanos / militares | 190 / 31 |
Foco
⚔️ 20.7% · 🌾 79.3%
Spearman ×9 · Mangonel ×8 · Scorpion ×7 · Battering Ram ×5 · Monk ×2
Feudal
10:52
Castillos
17:11
Imperial
39:16
| APM promedio | 21.2 |
| APM pico | 58 |
| eAPM promedio | 12.5 |
| Aldeanos / militares | 116 / 254 |
Foco
⚔️ 31.5% · 🌾 68.5%
Skirmisher ×121 · Fire Lancer ×59 · Cavalry Archer ×42 · Iron Pagoda ×23 · Battering Ram ×7 · Scorpion ×2
Feudal
10:55
Castillos
14:34
Imperial
35:25
| APM promedio | 33.1 |
| APM pico | 74 |
| eAPM promedio | 15.9 |
| Aldeanos / militares | 117 / 674 |
Foco
⚔️ 39.3% · 🌾 60.7%
Spearman ×376 · Skirmisher ×242 · Conquistador ×40 · Trebuchet (Packed) ×11 · Battering Ram ×3 · Monk ×1
Feudal
11:00
Castillos
14:34
Imperial
46:12
| APM promedio | 45.3 |
| APM pico | 97 |
| eAPM promedio | 20.6 |
| Aldeanos / militares | 166 / 217 |
Foco
⚔️ 24.7% · 🌾 75.3%
Mameluke ×138 · Scout Cavalry ×65 · Petard ×7 · Trebuchet (Packed) ×5 · Monk ×2
Mapa de la partida
Recursos iniciales + cada clic de construcción. Líneas = muros · curvas = relieve. ◆ oro · ⬟ piedra · ● bayas · ✦ reliquia · ◌ hueco del cierre
Tu base· ✓ Cerrada en 17:36 · 0t muro · 2 puerta(s)
Base de Fat B· ✓ Cerrada en 15:21 · 0t muro · 3 puerta(s)
Base de Joooooooooooe· ✓ Cerrada en 15:22 · 0t muro · 3 puerta(s)
Base de PEINATE QUE VIENE GENTE· ✓ Cerrada en 16:25 · 0t muro · 2 puerta(s)
Base de Le Gargalle· ✓ Cerrada en 15:33 · 0t muro · 2 puerta(s)
Base de GuilleLeopold17· ✓ Cerrada en 17:11 · 15t muro · 3 puerta(s)
Base de Failuminati· ✓ Cerrada en 14:34 · 1t muro · 2 puerta(s)
Base de PauDeVaraPica· ✓ Cerrada en 14:34 · 0t muro · 2 puerta(s)
Terreno inicial suavizado · ◌ = hueco del cierre detectado · pasá el cursor para detalles
Inputs por minuto
— AleAnonMallo - - Fat B
Build order — AleAnonMallo
Primeras 150 de 448 acciones detectadas
| 0:01 | Encolar | Villager (Male) |
| 0:02 | Encolar | Villager (Male) |
| 0:05 | Construir | House |
| 0:07 | Construir | House |
| 0:33 | Encolar | Villager (Male) |
| 0:53 | Encolar | Villager (Male) |
| 1:27 | Encolar | Villager (Male) |
| 1:54 | Construir | Lumber Camp |
| 2:18 | Encolar | Villager (Male) |
| 2:19 | Encolar | Villager (Male) |
| 2:34 | Encolar | Villager (Male) |
| 2:34 | Encolar | Villager (Male) |
| 3:02 | Encolar | Villager (Male) |
| 3:02 | Encolar | Villager (Male) |
| 3:29 | Encolar | Villager (Male) |
| 3:29 | Encolar | Villager (Male) |
| 4:04 | Encolar | Villager (Male) |
| 4:04 | Encolar | Villager (Male) |
| 4:13 | Construir | House |
| 4:16 | Construir | House |
| 4:31 | Encolar | Villager (Male) |
| 4:31 | Encolar | Villager (Male) |
| 4:36 | Construir | Mill |
| 5:09 | Encolar | Villager (Male) |
| 5:10 | Encolar | Villager (Male) |
| 5:10 | Encolar | Villager (Male) |
| 5:37 | Encolar | Villager (Male) |
| 5:37 | Encolar | Villager (Male) |
| 6:20 | Encolar | Villager (Male) |
| 6:30 | Encolar | Villager (Male) |
| 6:40 | Construir | Farm |
| 6:46 | Encolar | Villager (Male) |
| 7:20 | Construir | Farm |
| 7:34 | Construir | House |
| 7:55 | Encolar | Villager (Male) |
| 8:12 | Encolar | Villager (Male) |
| 8:31 | Construir | Farm |
| 8:36 | Construir | Farm |
| 8:51 | Encolar | Villager (Male) |
| 8:52 | Encolar | Villager (Male) |
| 8:52 | Encolar | Villager (Male) |
| 9:10 | Construir | Farm |
| 9:11 | Construir | Farm |
| 9:40 | Encolar | Villager (Male) |
| 9:50 | Construir | Mining Camp |
| 10:00 | Investigar | Feudal Age |
| 10:09 | Construir | Farm |
| 10:55 | Encolar | Villager (Male) |
| 11:07 | Construir | Barracks |
| 11:45 | Construir | Farm |
| 12:11 | Construir | Lumber Camp |
| 12:28 | Construir | House |
| 12:44 | Edad | Edad Feudal |
| 12:56 | Construir | Stable |
| 13:13 | Encolar | Villager (Male) |
| 13:14 | Encolar | Villager (Male) |
| 13:34 | Construir | Blacksmith |
| 13:43 | Encolar | Villager (Male) |
| 14:12 | Construir | House |
| 14:31 | Encolar | Villager (Male) |
| 14:35 | Construir | Farm |
| 14:41 | Investigar | Castle Age |
| 15:02 | Encolar | Villager (Male) |
| 15:04 | Construir | House |
| 15:10 | Construir | Farm |
| 15:17 | Construir | House |
| 15:40 | Investigar | Double-Bit Axe |
| 15:56 | Construir | House |
| 16:05 | Construir | Stable |
| 16:26 | Encolar | Villager (Male) |
| 17:32 | Investigar | Loom |
| 17:36 | Edad | Edad de los Castillos |
| 17:38 | Encolar | Knight ×5 |
| 17:55 | Encolar | Spearman |
| 17:56 | Encolar | Spearman |
| 18:12 | Encolar | Villager (Male) |
| 18:21 | Construir | Farm |
| 18:30 | Construir | Farm |
| 18:36 | Construir | Town Center |
| 18:45 | Construir | Farm |
| 18:58 | Encolar | Knight ×2 |
| 19:01 | Encolar | Villager (Male) |
| 19:30 | Encolar | Villager (Male) |
| 19:30 | Encolar | Villager (Male) |
| 19:37 | Construir | Farm |
| 19:39 | Construir | Farm |
| 19:41 | Construir | Farm |
| 20:50 | Investigar | Husbandry |
| 20:51 | Encolar | Knight ×3 |
| 20:58 | Construir | Farm |
| 21:06 | Encolar | Knight |
| 21:13 | Construir | Farm |
| 21:16 | Encolar | Villager (Male) |
| 21:16 | Encolar | Villager (Male) |
| 21:20 | Construir | Farm |
| 22:13 | Encolar | Villager (Male) |
| 22:13 | Encolar | Villager (Male) |
| 22:14 | Encolar | Villager (Male) |
| 22:21 | Encolar | Villager (Male) |
| 22:21 | Encolar | Villager (Male) |
| 22:27 | Construir | Farm |
| 22:27 | Construir | Farm |
| 22:27 | Construir | Farm |
| 22:27 | Construir | Farm |
| 22:28 | Construir | Farm |
| 22:31 | Encolar | Villager (Male) |
| 23:06 | Construir | Town Center |
| 23:13 | Encolar | Villager (Male) |
| 23:20 | Investigar | Scale Barding Armor |
| 23:22 | Investigar | Forging |
| 23:25 | Encolar | Villager (Male) |
| 23:58 | Encolar | Villager (Male) |
| 23:59 | Encolar | Villager (Male) |
| 24:00 | Encolar | Villager (Male) |
| 24:01 | Encolar | Villager (Male) |
| 24:01 | Encolar | Villager (Male) |
| 24:18 | Encolar | Knight ×2 |
| 24:41 | Encolar | Villager (Male) |
| 24:41 | Encolar | Villager (Male) |
| 24:42 | Encolar | Villager (Male) |
| 24:42 | Encolar | Villager (Male) |
| 24:48 | Construir | Farm |
| 24:55 | Investigar | Gold Mining |
| 25:09 | Encolar | Villager (Male) |
| 25:09 | Encolar | Villager (Male) |
| 25:15 | Construir | Farm |
| 25:15 | Construir | Farm |
| 25:15 | Construir | Farm |
| 25:15 | Construir | Farm |
| 25:16 | Construir | Farm |
| 25:16 | Construir | Farm |
| 25:17 | Construir | Farm |
| 25:20 | Encolar | Villager (Male) |
| 25:21 | Encolar | Villager (Male) |
| 25:27 | Construir | Farm |
| 25:46 | Construir | House |
| 25:48 | Construir | House |
| 25:50 | Construir | House |
| 25:54 | Construir | Farm |
| 26:23 | Construir | Town Center |
| 26:28 | Encolar | Villager (Male) |
| 26:28 | Encolar | Villager (Male) |
| 26:28 | Encolar | Villager (Male) |
| 26:29 | Encolar | Villager (Male) |
| 26:29 | Encolar | Villager (Male) |
| 26:29 | Encolar | Villager (Male) |
| 26:30 | Encolar | Villager (Male) |
| 26:30 | Encolar | Villager (Male) |
| 26:55 | Encolar | Knight ×5 |
| 27:14 | Investigar | Wheelbarrow |
Build order — Fat B
Primeras 150 de 530 acciones detectadas
| 0:01 | Encolar | Villager (Male) |
| 0:02 | Encolar | Villager (Male) |
| 0:02 | Encolar | Villager (Male) |
| 0:02 | Encolar | Villager (Male) |
| 0:03 | Encolar | Villager (Male) |
| 0:05 | Construir | House |
| 0:11 | Construir | House |
| 1:31 | Encolar | Villager (Male) |
| 1:56 | Construir | Lumber Camp |
| 2:06 | Encolar | Villager (Male) |
| 2:23 | Encolar | Villager (Male) |
| 2:52 | Encolar | Villager (Male) |
| 3:10 | Encolar | Villager (Male) |
| 3:43 | Encolar | Villager (Male) |
| 3:56 | Construir | House |
| 4:21 | Encolar | Villager (Male) |
| 4:25 | Construir | Mill |
| 4:49 | Encolar | Villager (Male) |
| 5:11 | Encolar | Villager (Male) |
| 5:19 | Encolar | Villager (Male) |
| 6:08 | Encolar | Villager (Male) |
| 6:14 | Encolar | Villager (Male) |
| 6:17 | Construir | House |
| 6:20 | Encolar | Villager (Male) |
| 7:16 | Encolar | Villager (Male) |
| 7:45 | Encolar | Villager (Male) |
| 7:58 | Construir | Mill |
| 8:12 | Encolar | Villager (Male) |
| 8:25 | Encolar | Villager (Male) |
| 8:29 | Construir | Farm |
| 8:37 | Construir | Farm |
| 8:48 | Construir | Farm |
| 8:56 | Investigar | Feudal Age |
| 9:17 | Construir | Mining Camp |
| 10:13 | Encolar | Villager (Male) |
| 10:34 | Construir | House |
| 10:47 | Encolar | Villager (Male) |
| 10:53 | Construir | Farm |
| 11:13 | Edad | Edad Feudal |
| 11:16 | Construir | Blacksmith |
| 11:23 | Construir | Market |
| 11:34 | Construir | Farm |
| 12:03 | Encolar | Villager (Male) |
| 12:07 | Construir | Farm |
| 12:22 | Construir | Farm |
| 12:27 | Construir | Farm |
| 12:41 | Investigar | Castle Age |
| 12:53 | Construir | Farm |
| 12:54 | Construir | Farm |
| 13:06 | Encolar | Villager (Male) |
| 13:47 | Construir | House |
| 13:53 | Construir | Lumber Camp |
| 14:12 | Investigar | Double-Bit Axe |
| 14:45 | Encolar | Villager (Male) |
| 14:55 | Construir | Barracks |
| 15:01 | Encolar | Villager (Male) |
| 15:21 | Edad | Edad de los Castillos |
| 15:25 | Construir | Town Center |
| 15:32 | Encolar | Villager (Male) |
| 15:50 | Encolar | Villager (Male) |
| 15:55 | Construir | Farm |
| 16:12 | Construir | Stable |
| 16:15 | Encolar | Villager (Male) |
| 16:38 | Encolar | Villager (Male) |
| 16:44 | Encolar | Spearman |
| 16:53 | Construir | Farm |
| 16:55 | Encolar | Villager (Male) |
| 17:00 | Encolar | Knight |
| 17:00 | Encolar | Knight |
| 17:17 | Construir | Stable |
| 17:21 | Encolar | Villager (Male) |
| 17:30 | Construir | Farm |
| 17:33 | Encolar | Villager (Male) |
| 17:38 | Encolar | Villager (Male) |
| 17:45 | Encolar | Villager (Male) |
| 17:47 | Encolar | Villager (Male) |
| 17:52 | Construir | Farm |
| 17:54 | Encolar | Villager (Male) |
| 18:04 | Encolar | Knight |
| 18:08 | Construir | House |
| 18:10 | Construir | House |
| 18:15 | Encolar | Villager (Male) |
| 18:34 | Encolar | Villager (Male) |
| 18:53 | Encolar | Knight |
| 18:53 | Encolar | Knight |
| 18:54 | Encolar | Knight |
| 18:56 | Encolar | Villager (Male) |
| 19:00 | Construir | Farm |
| 19:04 | Construir | Farm |
| 19:05 | Encolar | Villager (Male) |
| 19:09 | Construir | Farm |
| 19:10 | Construir | Farm |
| 19:10 | Construir | Farm |
| 19:10 | Construir | Farm |
| 19:11 | Construir | Farm |
| 19:11 | Construir | Farm |
| 19:11 | Construir | Farm |
| 19:13 | Encolar | Villager (Male) |
| 19:19 | Construir | House |
| 19:36 | Construir | Farm |
| 19:40 | Encolar | Villager (Male) |
| 19:41 | Encolar | Villager (Male) |
| 19:43 | Encolar | Villager (Male) |
| 19:45 | Investigar | Horse Collar |
| 19:46 | Encolar | Villager (Male) |
| 19:54 | Encolar | Villager (Male) |
| 20:00 | Construir | Farm |
| 20:13 | Construir | Town Center |
| 20:16 | Encolar | Villager (Male) |
| 20:22 | Construir | House |
| 20:24 | Construir | House |
| 20:25 | Construir | House |
| 20:26 | Construir | House |
| 20:28 | Construir | House |
| 20:29 | Construir | House |
| 20:30 | Encolar | Villager (Male) |
| 20:44 | Encolar | Villager (Male) |
| 20:53 | Construir | House |
| 20:54 | Construir | House |
| 20:55 | Construir | House |
| 20:59 | Encolar | Villager (Male) |
| 21:12 | Investigar | Heavy Plow |
| 21:14 | Encolar | Villager (Male) |
| 21:29 | Encolar | Villager (Male) |
| 21:52 | Encolar | Villager (Male) |
| 21:52 | Encolar | Villager (Male) |
| 21:52 | Encolar | Villager (Male) |
| 21:59 | Construir | Mining Camp |
| 22:00 | Encolar | Villager (Male) |
| 22:01 | Encolar | Villager (Male) |
| 22:05 | Encolar | Knight |
| 22:06 | Encolar | Knight |
| 22:13 | Encolar | Knight |
| 22:14 | Encolar | Knight |
| 22:17 | Construir | House |
| 22:21 | Construir | House |
| 22:22 | Construir | House |
| 22:22 | Construir | House |
| 22:22 | Construir | House |
| 22:22 | Construir | House |
| 22:23 | Construir | House |
| 22:24 | Encolar | Villager (Male) |
| 22:26 | Encolar | Villager (Male) |
| 22:32 | Encolar | Villager (Male) |
| 22:35 | Construir | Farm |
| 22:38 | Construir | Farm |
| 22:38 | Construir | Farm |
| 22:38 | Construir | Farm |
| 22:39 | Construir | Farm |
| 22:41 | Encolar | Villager (Male) |
Build order — Joooooooooooe
Primeras 150 de 325 acciones detectadas
| 0:01 | Encolar | Villager (Male) |
| 0:02 | Encolar | Villager (Male) |
| 0:02 | Encolar | Villager (Male) |
| 0:02 | Encolar | Villager (Male) |
| 0:04 | Construir | House |
| 0:06 | Construir | House |
| 1:24 | Encolar | Villager (Male) |
| 1:39 | Encolar | Villager (Male) |
| 2:22 | Encolar | Villager (Male) |
| 2:47 | Encolar | Villager (Male) |
| 2:56 | Construir | Lumber Camp |
| 3:16 | Encolar | Villager (Male) |
| 3:50 | Construir | House |
| 3:53 | Encolar | Villager (Male) |
| 4:04 | Encolar | Villager (Male) |
| 4:25 | Construir | House |
| 4:28 | Construir | House |
| 4:40 | Encolar | Villager (Male) ×2 |
| 5:17 | Construir | Mill |
| 5:21 | Encolar | Villager (Male) ×2 |
| 6:02 | Encolar | Villager (Male) |
| 6:29 | Encolar | Villager (Male) |
| 6:44 | Encolar | Villager (Male) |
| 6:44 | Encolar | Villager (Male) |
| 6:44 | Encolar | Villager (Male) |
| 7:20 | Construir | Mill |
| 7:28 | Construir | Mining Camp |
| 7:55 | Encolar | Villager (Male) |
| 7:56 | Encolar | Villager (Male) |
| 9:02 | Encolar | Villager (Male) |
| 9:05 | Investigar | Feudal Age |
| 10:16 | Construir | Farm |
| 10:17 | Construir | Farm |
| 10:18 | Construir | Farm |
| 10:19 | Construir | Farm |
| 10:21 | Construir | Farm |
| 10:25 | Construir | Farm |
| 10:39 | Construir | House |
| 10:43 | Construir | House |
| 11:54 | Edad | Edad Feudal |
| 11:58 | Construir | Market |
| 12:03 | Construir | Blacksmith |
| 12:13 | Encolar | Villager (Male) |
| 12:42 | Investigar | Castle Age |
| 12:54 | Construir | Farm |
| 12:58 | Investigar | Double-Bit Axe |
| 13:58 | Investigar | Horse Collar |
| 14:36 | Encolar | Villager (Male) |
| 14:36 | Encolar | Villager (Male) |
| 15:22 | Edad | Edad de los Castillos |
| 15:26 | Construir | Town Center |
| 15:55 | Construir | Town Center |
| 16:00 | Construir | Farm |
| 16:03 | Encolar | Villager (Male) ×5 |
| 16:20 | Construir | Farm |
| 17:03 | Encolar | Villager (Male) |
| 17:03 | Encolar | Villager (Male) |
| 17:03 | Encolar | Villager (Male) |
| 17:22 | Encolar | Villager (Male) |
| 17:23 | Encolar | Villager (Male) |
| 17:23 | Encolar | Villager (Male) |
| 18:36 | Encolar | Villager (Male) ×5 |
| 18:56 | Construir | House |
| 18:58 | Construir | House |
| 18:59 | Construir | House |
| 19:00 | Construir | House |
| 19:01 | Construir | House |
| 19:27 | Encolar | Villager (Male) ×5 |
| 20:51 | Encolar | Villager (Male) ×5 |
| 20:57 | Construir | Farm |
| 20:58 | Construir | Farm |
| 21:00 | Construir | Farm |
| 21:01 | Construir | Farm |
| 21:05 | Encolar | Villager (Male) ×5 |
| 21:13 | Construir | Farm |
| 21:15 | Construir | Farm |
| 21:16 | Construir | Farm |
| 21:17 | Construir | Farm |
| 21:20 | Construir | Farm |
| 21:21 | Construir | Farm |
| 21:22 | Construir | Farm |
| 21:25 | Construir | Mill |
| 21:32 | Construir | Farm |
| 21:36 | Encolar | Villager (Male) ×2 |
| 21:43 | Construir | Farm |
| 21:44 | Construir | Farm |
| 21:46 | Construir | Farm |
| 21:47 | Construir | Farm |
| 21:50 | Construir | Farm |
| 21:54 | Encolar | Villager (Male) |
| 22:24 | Encolar | Villager (Male) ×3 |
| 22:33 | Construir | Farm |
| 22:35 | Construir | Farm |
| 22:37 | Construir | Farm |
| 22:38 | Construir | Farm |
| 22:41 | Construir | Farm |
| 22:43 | Construir | Farm |
| 22:47 | Construir | Mill |
| 23:16 | Encolar | Villager (Male) ×5 |
| 23:23 | Construir | Farm |
| 23:25 | Construir | Farm |
| 23:26 | Construir | Farm |
| 23:31 | Construir | Mill |
| 23:32 | Construir | Farm |
| 23:34 | Construir | Farm |
| 23:40 | Encolar | Villager (Male) ×5 |
| 23:47 | Construir | Farm |
| 23:48 | Construir | Farm |
| 23:49 | Construir | Farm |
| 23:50 | Construir | Farm |
| 23:53 | Construir | Farm |
| 23:55 | Construir | Farm |
| 23:56 | Construir | Farm |
| 23:59 | Construir | Mill |
| 24:13 | Construir | Farm |
| 24:19 | Construir | House |
| 24:20 | Construir | House |
| 24:21 | Construir | House |
| 24:25 | Construir | House |
| 24:26 | Construir | House |
| 24:31 | Investigar | Loom |
| 24:32 | Encolar | Villager (Male) ×5 |
| 24:39 | Investigar | Wheelbarrow |
| 24:40 | Encolar | Villager (Male) |
| 24:40 | Encolar | Villager (Male) |
| 24:46 | Investigar | Town Watch |
| 24:46 | Encolar | Villager (Male) |
| 24:47 | Encolar | Villager (Male) |
| 24:47 | Encolar | Villager (Male) |
| 24:54 | Construir | House |
| 24:55 | Construir | House |
| 24:56 | Construir | House |
| 24:57 | Construir | House |
| 25:08 | Investigar | Heavy Plow |
| 25:12 | Construir | Farm |
| 25:29 | Construir | Farm |
| 25:46 | Encolar | Villager (Male) |
| 25:46 | Encolar | Villager (Male) |
| 25:46 | Encolar | Villager (Male) |
| 26:28 | Construir | University |
| 26:35 | Construir | Siege Workshop |
| 26:48 | Encolar | Villager (Male) ×5 |
| 27:19 | Encolar | Villager (Male) ×5 |
| 27:25 | Investigar | Fletching |
| 27:26 | Investigar | Padded Archer Armor |
| 27:32 | Investigar | Ballistics |
| 27:32 | Investigar | Fortified Wall (upgrade) |
| 27:55 | Encolar | Villager (Male) |
| 27:55 | Encolar | Villager (Male) |
| 28:00 | Investigar | Imperial Age |
Build order — PEINATE QUE VIENE GENTE
Primeras 150 de 474 acciones detectadas
| 0:01 | Encolar | Villager (Male) |
| 0:01 | Encolar | Villager (Male) |
| 0:02 | Encolar | Villager (Male) |
| 0:04 | Construir | House |
| 0:05 | Construir | House |
| 0:07 | Encolar | Villager (Male) |
| 1:25 | Encolar | Villager (Male) |
| 1:46 | Construir | Lumber Camp |
| 2:08 | Encolar | Villager (Male) |
| 2:08 | Encolar | Villager (Male) |
| 2:21 | Encolar | Villager (Male) |
| 2:47 | Encolar | Villager (Male) |
| 3:12 | Encolar | Villager (Male) |
| 3:12 | Encolar | Villager (Male) |
| 3:43 | Encolar | Villager (Male) |
| 4:04 | Encolar | Villager (Male) |
| 4:12 | Construir | House |
| 4:20 | Encolar | Villager (Male) |
| 4:53 | Encolar | Villager (Male) |
| 5:25 | Construir | Mill |
| 5:36 | Encolar | Villager (Male) |
| 5:37 | Encolar | Villager (Male) |
| 6:02 | Encolar | Villager (Male) |
| 6:03 | Encolar | Villager (Male) |
| 6:36 | Construir | Mill |
| 6:52 | Encolar | Villager (Male) |
| 6:54 | Construir | House |
| 6:57 | Investigar | Loom |
| 6:57 | Encolar | Villager (Male) |
| 7:06 | Construir | Farm |
| 7:06 | Construir | Farm |
| 7:07 | Construir | Farm |
| 7:26 | Encolar | Villager (Male) |
| 8:08 | Encolar | Villager (Male) |
| 8:14 | Construir | House |
| 8:32 | Encolar | Villager (Male) |
| 8:32 | Encolar | Villager (Male) |
| 9:20 | Encolar | Villager (Male) |
| 9:33 | Construir | Farm |
| 9:35 | Construir | Farm |
| 9:47 | Investigar | Feudal Age |
| 9:57 | Construir | Mining Camp |
| 10:11 | Construir | Mining Camp |
| 10:18 | Construir | Farm |
| 10:19 | Construir | Farm |
| 10:20 | Construir | Farm |
| 11:05 | Encolar | Villager (Male) |
| 11:06 | Encolar | Villager (Male) |
| 11:52 | Construir | Lumber Camp |
| 12:02 | Edad | Edad Feudal |
| 12:10 | Encolar | Villager (Male) |
| 12:10 | Investigar | Town Watch |
| 12:26 | Construir | Market |
| 12:57 | Encolar | Villager (Male) |
| 13:11 | Construir | Blacksmith |
| 13:31 | Construir | House |
| 13:36 | Investigar | Double-Bit Axe |
| 13:45 | Investigar | Castle Age |
| 13:52 | Construir | House |
| 14:05 | Encolar | Villager (Male) |
| 14:05 | Encolar | Villager (Male) |
| 14:17 | Construir | Farm |
| 14:25 | Construir | House |
| 15:03 | Construir | Farm |
| 15:19 | Investigar | Gold Mining |
| 16:25 | Edad | Edad de los Castillos |
| 16:42 | Construir | Castle |
| 17:02 | Construir | House |
| 17:04 | Construir | House |
| 17:21 | Construir | Farm |
| 17:22 | Encolar | Villager (Male) |
| 17:23 | Encolar | Villager (Male) |
| 17:27 | Investigar | Bow Saw |
| 17:29 | Investigar | Horse Collar |
| 17:50 | Encolar | Villager (Male) |
| 17:54 | Investigar | Stone Mining |
| 18:00 | Construir | Mining Camp |
| 18:09 | Encolar | Villager (Male) |
| 18:31 | Encolar | Villager (Male) |
| 18:32 | Construir | Farm |
| 18:34 | Construir | Farm |
| 18:37 | Construir | Farm |
| 18:39 | Construir | Farm |
| 18:59 | Construir | Farm |
| 18:59 | Construir | Farm |
| 19:07 | Encolar | Villager (Male) |
| 19:10 | Construir | Farm |
| 19:17 | Construir | Farm |
| 19:20 | Construir | Farm |
| 19:23 | Encolar | Villager (Male) |
| 19:38 | Encolar | Janissary |
| 19:38 | Encolar | Janissary |
| 19:38 | Encolar | Janissary |
| 19:38 | Encolar | Janissary |
| 19:47 | Construir | House |
| 19:47 | Construir | House |
| 19:49 | Encolar | Janissary |
| 19:49 | Encolar | Janissary |
| 20:08 | Construir | Barracks |
| 20:11 | Construir | House |
| 20:17 | Construir | House |
| 20:22 | Encolar | Villager (Male) |
| 20:22 | Encolar | Villager (Male) |
| 20:30 | Encolar | Villager (Male) |
| 20:31 | Encolar | Villager (Male) |
| 20:44 | Construir | Siege Workshop |
| 20:50 | Encolar | Janissary |
| 21:13 | Encolar | Villager (Male) |
| 21:15 | Encolar | Janissary |
| 21:18 | Construir | House |
| 21:32 | Construir | Barracks |
| 21:39 | Construir | Archery Range |
| 21:45 | Encolar | Villager (Male) |
| 21:45 | Encolar | Villager (Male) |
| 21:56 | Encolar | Janissary |
| 21:56 | Encolar | Janissary |
| 21:56 | Encolar | Janissary |
| 22:05 | Construir | House |
| 22:06 | Construir | House |
| 22:08 | Encolar | Villager (Male) |
| 22:28 | Construir | Farm |
| 22:28 | Construir | Farm |
| 22:28 | Construir | Farm |
| 22:29 | Construir | Farm |
| 22:29 | Construir | Farm |
| 22:29 | Construir | Farm |
| 22:29 | Construir | Farm |
| 22:30 | Construir | Farm |
| 22:40 | Encolar | Archer |
| 22:40 | Encolar | Archer |
| 22:49 | Construir | Castle |
| 23:04 | Encolar | Battering Ram |
| 23:14 | Encolar | Janissary |
| 23:14 | Encolar | Janissary |
| 23:15 | Encolar | Janissary |
| 23:15 | Encolar | Janissary |
| 23:30 | Construir | House |
| 23:51 | Encolar | Battering Ram |
| 24:03 | Construir | Castle |
| 25:11 | Construir | House |
| 25:14 | Encolar | Janissary |
| 25:14 | Encolar | Janissary |
| 25:15 | Encolar | Janissary |
| 25:24 | Construir | Castle |
| 25:36 | Investigar | Padded Archer Armor |
| 25:36 | Investigar | Padded Archer Armor |
| 25:37 | Investigar | Fletching |
| 25:37 | Investigar | Fletching |
| 25:38 | Encolar | Villager (Male) |
| 25:38 | Encolar | Villager (Male) |
Build order — Le Gargalle
Primeras 150 de 415 acciones detectadas
| 0:00 | Encolar | Villager (Male) |
| 0:01 | Encolar | Villager (Male) |
| 0:01 | Encolar | Villager (Male) |
| 0:02 | Encolar | Villager (Male) |
| 0:06 | Construir | House |
| 0:10 | Construir | House |
| 1:41 | Encolar | Villager (Male) |
| 1:41 | Encolar | Villager (Male) |
| 1:52 | Construir | Lumber Camp |
| 2:00 | Encolar | Villager (Male) |
| 2:27 | Encolar | Villager (Male) |
| 2:27 | Encolar | Villager (Male) |
| 2:55 | Encolar | Villager (Male) |
| 3:14 | Encolar | Villager (Male) |
| 3:30 | Construir | House |
| 3:31 | Construir | House |
| 3:32 | Construir | House |
| 3:44 | Encolar | Villager (Male) |
| 3:44 | Encolar | Villager (Male) |
| 4:18 | Encolar | Villager (Male) |
| 4:18 | Encolar | Villager (Male) |
| 4:43 | Construir | Mill |
| 4:56 | Encolar | Villager (Male) |
| 4:56 | Encolar | Villager (Male) |
| 5:14 | Encolar | Villager (Male) |
| 5:14 | Encolar | Villager (Male) |
| 6:02 | Construir | Mill |
| 6:06 | Encolar | Villager (Male) |
| 6:35 | Encolar | Villager (Male) |
| 6:35 | Encolar | Villager (Male) |
| 6:35 | Encolar | Villager (Male) |
| 6:36 | Encolar | Villager (Male) |
| 7:31 | Encolar | Villager (Male) |
| 7:31 | Encolar | Villager (Male) |
| 7:31 | Encolar | Villager (Male) |
| 7:31 | Encolar | Villager (Male) |
| 7:57 | Encolar | Villager (Male) |
| 7:57 | Encolar | Villager (Male) |
| 8:23 | Construir | Mining Camp |
| 9:04 | Investigar | Feudal Age |
| 9:12 | Construir | Mining Camp |
| 9:36 | Encolar | Villager (Male) |
| 9:37 | Encolar | Villager (Male) |
| 11:40 | Edad | Edad Feudal |
| 11:44 | Construir | Market |
| 11:53 | Construir | Blacksmith |
| 12:06 | Construir | Farm |
| 12:07 | Construir | Farm |
| 12:53 | Investigar | Castle Age |
| 13:03 | Construir | Farm |
| 13:05 | Construir | Farm |
| 13:07 | Construir | Farm |
| 13:29 | Construir | House |
| 13:42 | Encolar | Villager (Male) |
| 13:48 | Investigar | Double-Bit Axe |
| 13:55 | Investigar | Horse Collar |
| 14:40 | Construir | House |
| 14:41 | Construir | House |
| 14:46 | Encolar | Villager (Male) |
| 14:46 | Encolar | Villager (Male) |
| 14:58 | Construir | Farm |
| 15:33 | Edad | Edad de los Castillos |
| 15:44 | Construir | Town Center |
| 16:04 | Construir | Farm |
| 16:29 | Investigar | Wheelbarrow |
| 16:58 | Encolar | Villager (Male) |
| 16:58 | Encolar | Villager (Male) |
| 17:41 | Encolar | Villager (Male) |
| 17:42 | Encolar | Villager (Male) |
| 17:48 | Construir | Farm |
| 17:50 | Construir | Farm |
| 17:51 | Construir | Farm |
| 17:52 | Construir | Farm |
| 18:19 | Construir | Town Center |
| 18:31 | Encolar | Villager (Male) |
| 18:31 | Encolar | Villager (Male) |
| 18:31 | Encolar | Villager (Male) |
| 19:06 | Encolar | Villager (Male) |
| 19:06 | Encolar | Villager (Male) |
| 19:19 | Encolar | Villager (Male) |
| 19:20 | Encolar | Villager (Male) |
| 19:29 | Construir | Farm |
| 19:32 | Construir | Farm |
| 19:34 | Construir | Farm |
| 19:41 | Encolar | Villager (Male) |
| 19:41 | Encolar | Villager (Male) |
| 19:56 | Encolar | Villager (Male) |
| 20:06 | Construir | Farm |
| 20:07 | Construir | Farm |
| 20:08 | Construir | Farm |
| 20:09 | Construir | Farm |
| 20:11 | Construir | Farm |
| 20:17 | Encolar | Villager (Male) |
| 20:17 | Encolar | Villager (Male) |
| 20:19 | Encolar | Villager (Male) |
| 20:31 | Encolar | Villager (Male) |
| 20:31 | Encolar | Villager (Male) |
| 20:38 | Construir | Farm |
| 20:39 | Construir | Farm |
| 20:49 | Encolar | Villager (Male) |
| 20:49 | Encolar | Villager (Male) |
| 20:59 | Construir | Farm |
| 21:25 | Construir | Stone Wall |
| 21:59 | Encolar | Villager (Male) |
| 22:00 | Encolar | Villager (Male) |
| 22:00 | Encolar | Villager (Male) |
| 22:00 | Encolar | Villager (Male) |
| 22:01 | Encolar | Villager (Male) |
| 22:01 | Encolar | Villager (Male) |
| 22:01 | Encolar | Villager (Male) |
| 22:15 | Construir | Stone Wall |
| 22:22 | Construir | Stone Wall |
| 22:32 | Construir | Gate |
| 22:36 | Encolar | Villager (Male) |
| 22:37 | Encolar | Villager (Male) |
| 22:37 | Encolar | Villager (Male) |
| 22:37 | Encolar | Villager (Male) |
| 22:37 | Encolar | Villager (Male) |
| 22:38 | Encolar | Villager (Male) |
| 22:38 | Encolar | Villager (Male) |
| 22:54 | Construir | Castle |
| 23:08 | Construir | House |
| 23:13 | Construir | House |
| 23:18 | Investigar | Hand Cart |
| 23:27 | Construir | Farm |
| 23:28 | Construir | Farm |
| 23:29 | Construir | Farm |
| 23:34 | Construir | Farm |
| 24:09 | Encolar | Villager (Male) |
| 24:10 | Encolar | Villager (Male) |
| 24:10 | Encolar | Villager (Male) |
| 24:18 | Construir | Siege Workshop |
| 24:36 | Construir | Stone Wall |
| 24:51 | Encolar | Villager (Male) |
| 24:51 | Encolar | Villager (Male) |
| 24:51 | Encolar | Villager (Male) |
| 24:52 | Encolar | Villager (Male) |
| 25:00 | Encolar | Mangonel |
| 25:00 | Encolar | Mangonel |
| 25:06 | Construir | Farm |
| 25:14 | Construir | Stone Wall |
| 25:40 | Construir | Monastery |
| 26:25 | Investigar | Loom |
| 26:35 | Encolar | Monk |
| 26:35 | Encolar | Monk |
| 27:27 | Construir | Stone Wall |
| 27:49 | Construir | Barracks |
| 28:32 | Construir | Stone Wall |
| 29:08 | Encolar | Spearman |
| 29:08 | Encolar | Spearman |
Build order — GuilleLeopold17
Primeras 150 de 327 acciones detectadas
| 0:00 | Encolar | Villager (Male) |
| 0:01 | Encolar | Villager (Male) |
| 0:01 | Encolar | Villager (Male) |
| 0:01 | Encolar | Villager (Male) |
| 0:04 | Construir | House |
| 0:06 | Construir | House |
| 1:34 | Encolar | Villager (Male) |
| 1:35 | Encolar | Villager (Male) |
| 2:06 | Encolar | Villager (Male) |
| 2:06 | Encolar | Villager (Male) |
| 2:15 | Construir | Lumber Camp |
| 2:30 | Encolar | Villager (Male) |
| 2:55 | Encolar | Villager (Male) |
| 2:55 | Encolar | Villager (Male) |
| 3:09 | Encolar | Villager (Male) |
| 3:09 | Encolar | Villager (Male) |
| 3:37 | Encolar | Villager (Male) |
| 3:37 | Encolar | Villager (Male) |
| 3:54 | Encolar | Villager (Male) |
| 3:54 | Encolar | Villager (Male) |
| 3:54 | Encolar | Villager (Male) |
| 4:08 | Construir | House |
| 4:09 | Construir | House |
| 4:18 | Encolar | Villager (Male) |
| 4:38 | Encolar | Villager (Male) |
| 5:09 | Encolar | Villager (Male) |
| 5:09 | Encolar | Villager (Male) |
| 5:46 | Encolar | Villager (Male) |
| 5:46 | Encolar | Villager (Male) |
| 6:13 | Encolar | Villager (Male) |
| 6:13 | Encolar | Villager (Male) |
| 6:38 | Encolar | Villager (Male) |
| 6:38 | Encolar | Villager (Male) |
| 6:38 | Encolar | Villager (Male) |
| 6:57 | Construir | Mill |
| 7:13 | Encolar | Villager (Male) |
| 7:13 | Encolar | Villager (Male) |
| 7:13 | Encolar | Villager (Male) |
| 7:40 | Construir | Mining Camp |
| 8:27 | Construir | Mill |
| 8:42 | Investigar | Feudal Age |
| 9:21 | Construir | Barracks |
| 10:23 | Construir | House |
| 10:24 | Construir | House |
| 10:29 | Encolar | Villager (Male) |
| 10:29 | Encolar | Villager (Male) |
| 10:52 | Edad | Edad Feudal |
| 11:24 | Construir | Mining Camp |
| 11:27 | Encolar | Villager (Male) |
| 12:11 | Encolar | Villager (Male) |
| 12:23 | Construir | Blacksmith |
| 12:38 | Encolar | Villager (Male) |
| 12:48 | Construir | Market |
| 13:06 | Encolar | Villager (Male) |
| 13:37 | Construir | Pasture |
| 14:10 | Construir | Pasture |
| 14:11 | Construir | Pasture |
| 14:31 | Investigar | Castle Age |
| 14:37 | Construir | Pasture |
| 14:38 | Construir | Pasture |
| 15:04 | Investigar | Double-Bit Axe |
| 15:28 | Construir | Pasture |
| 15:55 | Construir | House |
| 15:57 | Construir | House |
| 16:18 | Encolar | Villager (Male) |
| 16:18 | Encolar | Villager (Male) |
| 16:53 | Construir | Stone Wall |
| 17:11 | Edad | Edad de los Castillos |
| 17:26 | Encolar | Villager (Male) |
| 17:27 | Encolar | Villager (Male) |
| 17:27 | Encolar | Villager (Male) |
| 17:54 | Construir | Castle |
| 17:57 | Encolar | Villager (Male) |
| 17:57 | Encolar | Villager (Male) |
| 17:58 | Encolar | Villager (Male) |
| 18:17 | Construir | Stone Wall |
| 18:36 | Construir | Siege Workshop |
| 19:05 | Encolar | Villager (Male) |
| 19:05 | Encolar | Villager (Male) |
| 19:23 | Construir | Archery Range |
| 19:29 | Encolar | Scorpion |
| 19:30 | Encolar | Scorpion |
| 19:46 | Encolar | Villager (Male) |
| 19:47 | Encolar | Villager (Male) |
| 20:08 | Encolar | Skirmisher |
| 20:08 | Encolar | Skirmisher |
| 20:08 | Encolar | Skirmisher |
| 20:08 | Encolar | Skirmisher |
| 20:09 | Encolar | Skirmisher |
| 20:48 | Construir | Town Center |
| 20:58 | Encolar | Iron Pagoda |
| 20:59 | Encolar | Iron Pagoda |
| 21:06 | Encolar | Villager (Male) |
| 21:06 | Encolar | Villager (Male) |
| 21:16 | Encolar | Skirmisher |
| 21:16 | Encolar | Skirmisher |
| 21:19 | Encolar | Skirmisher |
| 21:19 | Encolar | Skirmisher |
| 21:45 | Encolar | Villager (Male) |
| 21:45 | Encolar | Villager (Male) |
| 21:52 | Encolar | Skirmisher |
| 21:52 | Encolar | Skirmisher |
| 22:40 | Construir | University |
| 22:46 | Encolar | Villager (Male) ×4 |
| 23:36 | Encolar | Villager (Male) |
| 23:38 | Encolar | Villager (Male) |
| 23:38 | Encolar | Villager (Male) |
| 24:10 | Construir | Pasture |
| 24:10 | Construir | Pasture |
| 24:10 | Construir | Pasture |
| 24:10 | Construir | Pasture |
| 24:11 | Construir | Pasture |
| 24:40 | Encolar | Skirmisher |
| 24:40 | Encolar | Skirmisher |
| 24:40 | Encolar | Skirmisher |
| 24:58 | Construir | Pasture |
| 25:04 | Encolar | Villager (Male) |
| 25:04 | Encolar | Villager (Male) |
| 25:05 | Encolar | Villager (Male) |
| 25:05 | Encolar | Villager (Male) |
| 25:24 | Encolar | Villager (Male) |
| 25:24 | Encolar | Villager (Male) |
| 25:41 | Construir | Pasture |
| 25:45 | Investigar | Tech 1014 |
| 25:54 | Encolar | Skirmisher |
| 25:54 | Encolar | Skirmisher |
| 25:54 | Encolar | Skirmisher |
| 26:06 | Encolar | Villager (Male) |
| 26:07 | Encolar | Villager (Male) |
| 26:22 | Encolar | Skirmisher |
| 26:22 | Encolar | Skirmisher |
| 26:33 | Encolar | Villager (Male) |
| 26:33 | Encolar | Villager (Male) |
| 26:33 | Encolar | Villager (Male) |
| 27:23 | Construir | Town Center |
| 27:32 | Construir | Pasture |
| 27:34 | Investigar | Tech 1013 |
| 27:47 | Investigar | Elite Skirmisher (upgrade) |
| 27:54 | Investigar | Fletching |
| 27:57 | Encolar | Villager (Male) ×3 |
| 28:19 | Encolar | Villager (Male) |
| 28:19 | Encolar | Villager (Male) |
| 28:33 | Construir | Pasture |
| 28:35 | Construir | Pasture |
| 28:40 | Encolar | Villager (Male) |
| 28:48 | Construir | House |
| 28:49 | Construir | House |
| 28:50 | Construir | House |
| 29:00 | Encolar | Iron Pagoda |
| 29:00 | Encolar | Iron Pagoda |
Build order — Failuminati
Primeras 150 de 488 acciones detectadas
| 0:00 | Encolar | Villager (Male) |
| 0:00 | Encolar | Villager (Male) |
| 0:02 | Construir | House |
| 0:03 | Construir | House |
| 0:16 | Encolar | Villager (Male) |
| 0:16 | Encolar | Villager (Male) |
| 1:29 | Encolar | Villager (Male) |
| 1:49 | Construir | Lumber Camp |
| 1:57 | Encolar | Villager (Male) |
| 2:16 | Encolar | Villager (Male) |
| 2:50 | Encolar | Villager (Male) |
| 3:02 | Encolar | Villager (Male) |
| 3:30 | Encolar | Villager (Male) |
| 3:54 | Construir | House |
| 3:56 | Construir | House |
| 4:06 | Encolar | Villager (Male) |
| 4:31 | Encolar | Villager (Male) |
| 4:32 | Encolar | Villager (Male) |
| 4:43 | Construir | Mill |
| 4:50 | Construir | Palisade Wall |
| 5:16 | Encolar | Villager (Male) |
| 5:17 | Encolar | Villager (Male) |
| 5:17 | Encolar | Villager (Male) |
| 5:59 | Construir | Mill |
| 6:05 | Encolar | Villager (Male) |
| 6:51 | Encolar | Villager (Male) |
| 6:52 | Encolar | Villager (Male) |
| 7:06 | Construir | Farm |
| 7:10 | Construir | Farm |
| 7:41 | Encolar | Villager (Male) |
| 7:52 | Construir | Farm |
| 8:05 | Encolar | Villager (Male) |
| 8:30 | Construir | Mining Camp |
| 8:33 | Investigar | Feudal Age |
| 9:01 | Encolar | Villager (Male) |
| 9:02 | Encolar | Villager (Male) |
| 9:35 | Construir | Mining Camp |
| 9:52 | Construir | Mining Camp |
| 10:25 | Construir | House |
| 10:55 | Edad | Edad Feudal |
| 11:04 | Construir | Market |
| 11:31 | Construir | Blacksmith |
| 11:54 | Investigar | Castle Age |
| 12:23 | Investigar | Double-Bit Axe |
| 12:51 | Investigar | Horse Collar |
| 13:09 | Construir | Farm |
| 13:51 | Encolar | Villager (Male) |
| 13:51 | Encolar | Villager (Male) |
| 14:02 | Construir | House |
| 14:28 | Investigar | Loom |
| 14:34 | Edad | Edad de los Castillos |
| 14:40 | Encolar | Villager (Male) |
| 14:40 | Encolar | Villager (Male) |
| 15:17 | Construir | Castle |
| 15:37 | Construir | Mining Camp |
| 15:44 | Construir | House |
| 15:48 | Encolar | Villager (Male) |
| 15:57 | Investigar | Bow Saw |
| 15:59 | Construir | Farm |
| 16:06 | Construir | Farm |
| 16:10 | Encolar | Conquistador |
| 16:19 | Encolar | Villager (Male) |
| 16:35 | Encolar | Villager (Male) |
| 16:40 | Construir | Farm |
| 16:49 | Encolar | Villager (Male) |
| 17:06 | Encolar | Conquistador |
| 17:16 | Construir | Farm |
| 17:19 | Encolar | Conquistador |
| 18:02 | Encolar | Conquistador |
| 18:07 | Encolar | Villager (Male) |
| 18:28 | Encolar | Conquistador |
| 18:49 | Construir | Farm |
| 18:49 | Construir | Farm |
| 18:50 | Construir | Farm |
| 18:50 | Construir | Farm |
| 18:51 | Construir | Farm |
| 18:53 | Encolar | Villager (Male) |
| 19:21 | Encolar | Villager (Male) |
| 19:26 | Encolar | Conquistador |
| 19:57 | Encolar | Conquistador |
| 20:21 | Encolar | Conquistador |
| 20:46 | Encolar | Conquistador |
| 20:48 | Encolar | Conquistador |
| 21:02 | Encolar | Villager (Male) |
| 21:02 | Encolar | Villager (Male) |
| 21:10 | Construir | Town Center |
| 21:35 | Encolar | Conquistador |
| 21:36 | Encolar | Conquistador |
| 21:42 | Construir | Barracks |
| 22:07 | Encolar | Villager (Male) |
| 22:07 | Encolar | Villager (Male) |
| 22:39 | Encolar | Villager (Male) |
| 22:39 | Encolar | Villager (Male) |
| 22:51 | Construir | Farm |
| 22:52 | Construir | Farm |
| 22:53 | Construir | Farm |
| 22:53 | Construir | Farm |
| 22:56 | Encolar | Villager (Male) |
| 23:05 | Encolar | Villager (Male) |
| 23:31 | Encolar | Villager (Male) |
| 23:31 | Encolar | Villager (Male) |
| 23:55 | Encolar | Villager (Male) |
| 23:58 | Construir | Farm |
| 24:02 | Construir | Farm |
| 24:06 | Encolar | Villager (Male) |
| 24:17 | Construir | Town Center |
| 24:24 | Construir | House |
| 24:25 | Construir | House |
| 24:26 | Construir | House |
| 24:38 | Construir | Monastery |
| 24:39 | Encolar | Villager (Male) |
| 24:48 | Encolar | Villager (Male) |
| 24:54 | Encolar | Villager (Male) |
| 24:54 | Encolar | Villager (Male) |
| 25:09 | Construir | House |
| 25:10 | Construir | House |
| 25:13 | Encolar | Monk |
| 25:16 | Encolar | Missionary |
| 25:35 | Encolar | Villager (Male) |
| 25:36 | Encolar | Villager (Male) |
| 25:36 | Encolar | Villager (Male) |
| 25:44 | Encolar | Villager (Male) |
| 25:44 | Encolar | Villager (Male) |
| 25:49 | Construir | Farm |
| 25:49 | Construir | Farm |
| 25:50 | Construir | Farm |
| 25:54 | Investigar | Wheelbarrow |
| 26:30 | Construir | Mining Camp |
| 26:31 | Encolar | Villager (Male) |
| 26:31 | Encolar | Villager (Male) |
| 26:43 | Construir | Mining Camp |
| 26:44 | Encolar | Villager (Male) |
| 26:45 | Encolar | Villager (Male) |
| 26:46 | Encolar | Villager (Male) |
| 26:46 | Encolar | Villager (Male) |
| 26:51 | Construir | Farm |
| 26:57 | Encolar | Villager (Male) |
| 26:57 | Encolar | Villager (Male) |
| 27:21 | Encolar | Villager (Male) |
| 27:21 | Encolar | Villager (Male) |
| 27:30 | Construir | Mill |
| 27:31 | Construir | Farm |
| 27:31 | Construir | Farm |
| 27:32 | Construir | Farm |
| 27:32 | Construir | Farm |
| 27:34 | Encolar | Villager (Male) |
| 27:40 | Investigar | Gold Mining |
| 28:06 | Encolar | Villager (Male) |
| 28:07 | Encolar | Villager (Male) |
| 28:07 | Encolar | Villager (Male) |
Build order — PauDeVaraPica
Primeras 150 de 372 acciones detectadas
| 0:00 | Encolar | Villager (Male) |
| 0:01 | Encolar | Villager (Male) |
| 0:02 | Construir | House |
| 0:04 | Construir | House |
| 0:13 | Encolar | Villager (Male) |
| 0:13 | Encolar | Villager (Male) |
| 1:27 | Encolar | Villager (Male) |
| 1:52 | Encolar | Villager (Male) |
| 2:32 | Encolar | Villager (Male) |
| 2:46 | Encolar | Villager (Male) |
| 2:58 | Construir | Mill |
| 3:11 | Encolar | Villager (Male) |
| 3:12 | Encolar | Villager (Male) |
| 4:00 | Construir | House |
| 4:07 | Encolar | Villager (Male) |
| 4:07 | Encolar | Villager (Male) |
| 4:07 | Encolar | Villager (Male) |
| 4:56 | Construir | Lumber Camp |
| 5:12 | Encolar | Villager (Male) ×3 |
| 5:36 | Construir | House |
| 6:34 | Construir | Mill |
| 6:45 | Encolar | Villager (Male) |
| 6:46 | Encolar | Villager (Male) |
| 6:47 | Encolar | Villager (Male) |
| 6:47 | Encolar | Villager (Male) |
| 6:50 | Encolar | Villager (Male) |
| 7:58 | Construir | Mining Camp |
| 8:30 | Investigar | Feudal Age |
| 9:44 | Construir | House |
| 10:23 | Encolar | Villager (Male) |
| 10:23 | Encolar | Villager (Male) |
| 11:00 | Edad | Edad Feudal |
| 11:01 | Construir | Market |
| 11:04 | Construir | Blacksmith |
| 11:16 | Construir | Mining Camp |
| 11:54 | Investigar | Castle Age |
| 12:25 | Investigar | Gold Mining |
| 14:34 | Edad | Edad de los Castillos |
| 14:36 | Investigar | Gold Shaft Mining |
| 15:19 | Construir | Town Center |
| 15:25 | Investigar | Wheelbarrow |
| 15:36 | Investigar | Double-Bit Axe |
| 16:09 | Construir | House |
| 16:12 | Encolar | Villager (Male) |
| 16:17 | Investigar | Loom |
| 16:19 | Encolar | Villager (Male) |
| 16:45 | Construir | House |
| 16:46 | Construir | House |
| 17:33 | Encolar | Villager (Male) |
| 17:46 | Construir | House |
| 17:49 | Construir | House |
| 17:53 | Encolar | Villager (Male) |
| 17:54 | Encolar | Villager (Male) |
| 18:17 | Construir | Town Center |
| 18:32 | Encolar | Villager (Male) |
| 18:32 | Encolar | Villager (Male) |
| 19:11 | Encolar | Villager (Male) |
| 19:23 | Encolar | Villager (Male) |
| 19:27 | Encolar | Villager (Male) |
| 19:58 | Encolar | Villager (Male) |
| 19:59 | Encolar | Villager (Male) |
| 19:59 | Encolar | Villager (Male) |
| 20:02 | Construir | House |
| 20:13 | Construir | Farm |
| 20:14 | Construir | Farm |
| 20:23 | Encolar | Villager (Male) |
| 20:23 | Encolar | Villager (Male) |
| 20:24 | Encolar | Villager (Male) |
| 20:32 | Construir | House |
| 20:34 | Construir | House |
| 20:50 | Encolar | Villager (Male) |
| 20:53 | Encolar | Villager (Male) |
| 20:53 | Encolar | Villager (Male) |
| 21:10 | Construir | Farm |
| 21:12 | Construir | Farm |
| 21:16 | Construir | Farm |
| 21:19 | Encolar | Villager (Male) |
| 21:20 | Encolar | Villager (Male) |
| 21:22 | Construir | Farm |
| 21:29 | Construir | House |
| 21:37 | Encolar | Villager (Male) |
| 21:40 | Encolar | Villager (Male) |
| 21:42 | Encolar | Villager (Male) |
| 21:49 | Construir | House |
| 22:02 | Encolar | Villager (Male) |
| 22:02 | Encolar | Villager (Male) |
| 22:04 | Encolar | Villager (Male) |
| 22:17 | Construir | Farm |
| 22:18 | Construir | Farm |
| 22:18 | Construir | Farm |
| 22:25 | Construir | Farm |
| 22:26 | Construir | Farm |
| 22:29 | Encolar | Villager (Male) |
| 22:31 | Encolar | Villager (Male) ×2 |
| 22:34 | Construir | House |
| 22:36 | Construir | House |
| 22:57 | Encolar | Villager (Male) ×3 |
| 23:04 | Investigar | Horse Collar |
| 23:22 | Encolar | Villager (Male) ×4 |
| 23:27 | Construir | House |
| 23:28 | Construir | House |
| 23:47 | Construir | Castle |
| 24:12 | Encolar | Villager (Male) |
| 24:13 | Encolar | Villager (Male) |
| 24:15 | Encolar | Villager (Male) |
| 24:28 | Construir | Barracks |
| 24:37 | Encolar | Mameluke |
| 24:46 | Construir | House |
| 24:48 | Construir | House |
| 24:54 | Construir | Farm |
| 24:58 | Encolar | Mameluke |
| 25:01 | Encolar | Villager (Male) |
| 25:01 | Encolar | Villager (Male) |
| 25:11 | Construir | Stable |
| 25:22 | Encolar | Mameluke |
| 25:51 | Encolar | Mameluke |
| 25:52 | Encolar | Villager (Male) |
| 25:52 | Encolar | Villager (Male) |
| 26:06 | Encolar | Mameluke |
| 26:18 | Construir | House |
| 26:19 | Construir | House |
| 26:23 | Encolar | Villager (Male) |
| 26:23 | Encolar | Villager (Male) |
| 26:23 | Encolar | Villager (Male) |
| 26:34 | Construir | Monastery |
| 26:52 | Encolar | Mameluke |
| 26:57 | Encolar | Villager (Male) |
| 26:57 | Encolar | Villager (Male) |
| 26:58 | Encolar | Villager (Male) |
| 27:02 | Construir | Farm |
| 27:03 | Construir | Farm |
| 27:04 | Construir | Farm |
| 27:07 | Construir | Farm |
| 27:10 | Encolar | Monk |
| 27:12 | Encolar | Mameluke |
| 27:21 | Encolar | Villager (Male) |
| 27:21 | Encolar | Villager (Male) |
| 27:22 | Encolar | Villager (Male) |
| 27:25 | Construir | House |
| 27:26 | Construir | House |
| 27:37 | Encolar | Mameluke |
| 27:47 | Investigar | Husbandry |
| 27:51 | Investigar | Scale Barding Armor |
| 28:19 | Encolar | Villager (Male) ×4 |
| 28:24 | Encolar | Mameluke |
| 28:42 | Encolar | Petard |
| 28:42 | Encolar | Petard |
| 29:01 | Construir | Mining Camp |
| 29:19 | Encolar | Villager (Male) |
| 29:20 | Encolar | Villager (Male) |
Cronología de la partida
| 4:50 | Failuminati · wall_segment Palisade Wall x1 |
| 9:21 | GuilleLeopold17 · first_building Barracks |
| 10:52 | GuilleLeopold17 · age_up feudal |
| 10:55 | Failuminati · age_up feudal |
| 11:00 | PauDeVaraPica · age_up feudal |
| 11:07 | AleAnonMallo · first_building Barracks |
| 11:13 | Fat B · age_up feudal |
| 11:40 | Le Gargalle · age_up feudal |
| 11:50 | PauDeVaraPica · first_market_buy 100 food |
| 11:54 | Joooooooooooe · age_up feudal |
| 12:02 | PEINATE QUE VIENE GENTE · age_up feudal |
| 12:44 | AleAnonMallo · age_up feudal |
| 12:56 | AleAnonMallo · first_building Stable |
| 14:34 | Failuminati · age_up castle |
| 14:34 | PauDeVaraPica · age_up castle |
| 14:55 | Fat B · first_building Barracks |
| 15:17 | Fat B · first_market_buy 100 wood |
| 15:17 | Failuminati · first_building Castle |
| 15:21 | Fat B · age_up castle |
| 15:22 | Joooooooooooe · age_up castle |
| 15:33 | Le Gargalle · age_up castle |
| 16:12 | Fat B · first_building Stable |
| 16:25 | PEINATE QUE VIENE GENTE · age_up castle |
| 16:42 | PEINATE QUE VIENE GENTE · first_building Castle |
| 16:53 | GuilleLeopold17 · wall_segment Stone Wall x15 |
| 17:11 | GuilleLeopold17 · age_up castle |
| 17:36 | AleAnonMallo · age_up castle |
| 17:48 | GuilleLeopold17 · first_market_buy 100 stone |
| 17:54 | GuilleLeopold17 · first_building Castle |
| 18:06 | Failuminati · first_market_buy 100 food |
| 18:17 | GuilleLeopold17 · wall_segment Stone Wall x4 |
| 18:36 | GuilleLeopold17 · first_building Siege Workshop |
| 19:23 | GuilleLeopold17 · first_building Archery Range |
| 19:32 | PEINATE QUE VIENE GENTE · first_market_buy 100 food |
| 20:08 | PEINATE QUE VIENE GENTE · first_building Barracks |
| 20:44 | PEINATE QUE VIENE GENTE · first_building Siege Workshop |
| 21:25 | Le Gargalle · wall_segment Stone Wall x20 |
| 21:39 | PEINATE QUE VIENE GENTE · first_building Archery Range |
| 21:42 | Failuminati · first_building Barracks |
| 22:15 | Le Gargalle · wall_segment Stone Wall x4 |
| 22:22 | Le Gargalle · wall_segment Stone Wall x16 |
| 22:54 | Le Gargalle · first_building Castle |
| 23:47 | PauDeVaraPica · first_building Castle |
| 24:18 | Le Gargalle · first_building Siege Workshop |
| 24:28 | PauDeVaraPica · first_building Barracks |
| 24:36 | Le Gargalle · wall_segment Stone Wall x8 |
| 24:38 | Failuminati · first_building Monastery |
| 25:11 | PauDeVaraPica · first_building Stable |
| 25:14 | Le Gargalle · wall_segment Stone Wall x10 |
| 25:40 | Le Gargalle · first_building Monastery |
| 26:34 | PauDeVaraPica · first_building Monastery |
| 26:35 | Joooooooooooe · first_building Siege Workshop |
| 27:06 | Fat B · first_building Monastery |
| 27:27 | Le Gargalle · wall_segment Stone Wall x12 |
| 27:45 | Fat B · first_market_sell 100 wood |
| 27:49 | Le Gargalle · first_building Barracks |
| 28:23 | Joooooooooooe · first_building Barracks |
| 28:32 | Le Gargalle · wall_segment Stone Wall x1 |
| 29:31 | Joooooooooooe · first_building Archery Range |
| 29:42 | Le Gargalle · wall_segment Stone Wall x12 |
| 30:28 | AleAnonMallo · first_building Castle |
| 31:19 | Joooooooooooe · age_up imperial |
| 32:17 | Le Gargalle · wall_segment Stone Wall x4 |
| 32:29 | Fat B · age_up imperial |
| 32:33 | Failuminati · first_building Stable |
| 32:34 | Joooooooooooe · first_market_sell 500 food |
| 33:36 | PauDeVaraPica · tribute_sent a jugador 1 |
| 33:36 | PauDeVaraPica · tribute_sent a jugador 2 |
| 33:36 | PauDeVaraPica · tribute_sent a jugador 3 |
| 33:36 | PauDeVaraPica · tribute_sent a jugador 4 |
| 33:36 | PauDeVaraPica · tribute_sent a jugador 5 |
| 33:36 | PauDeVaraPica · tribute_sent a jugador 6 |
| 33:36 | PauDeVaraPica · tribute_sent a jugador 7 |
| 33:36 | Failuminati · tribute_sent a jugador 1 |
| 33:36 | Failuminati · tribute_sent a jugador 2 |
| 33:36 | Failuminati · tribute_sent a jugador 3 |
| 33:36 | Failuminati · tribute_sent a jugador 4 |
| 33:36 | Failuminati · tribute_sent a jugador 5 |
| 33:36 | Failuminati · tribute_sent a jugador 7 |
| 33:36 | Failuminati · tribute_sent a jugador 8 |
| 34:33 | Failuminati · first_building Archery Range |
| 35:25 | Failuminati · age_up imperial |
| 36:40 | Joooooooooooe · first_building Castle |
| 37:17 | Fat B · first_building Castle |
| 38:15 | AleAnonMallo · age_up imperial |
| 38:39 | Failuminati · tribute_sent a jugador 1 |
| 38:39 | Failuminati · tribute_sent a jugador 2 |
| 38:39 | Failuminati · tribute_sent a jugador 3 |
| 38:39 | Failuminati · tribute_sent a jugador 4 |
| 38:39 | Failuminati · tribute_sent a jugador 5 |
| 38:39 | Failuminati · tribute_sent a jugador 7 |
| 38:39 | Failuminati · tribute_sent a jugador 8 |
| 39:16 | GuilleLeopold17 · age_up imperial |
| 39:20 | Le Gargalle · wall_segment Stone Wall x2 |
| 39:29 | GuilleLeopold17 · first_market_sell 100 stone |
| 39:49 | PauDeVaraPica · first_market_sell 500 food |
| 41:12 | Le Gargalle · wall_segment Stone Wall x19 |
| 41:21 | GuilleLeopold17 · wall_segment Stone Wall x8 |
| 42:44 | PEINATE QUE VIENE GENTE · age_up imperial |
| 43:00 | GuilleLeopold17 · first_building Monastery |
| 44:22 | GuilleLeopold17 · tribute_sent a jugador 1 |
| 44:22 | GuilleLeopold17 · tribute_sent a jugador 2 |
| 44:22 | GuilleLeopold17 · tribute_sent a jugador 3 |
| 44:22 | GuilleLeopold17 · tribute_sent a jugador 4 |
| 44:22 | GuilleLeopold17 · tribute_sent a jugador 6 |
| 44:22 | GuilleLeopold17 · tribute_sent a jugador 7 |
| 44:22 | GuilleLeopold17 · tribute_sent a jugador 8 |
| 44:25 | Fat B · tribute_sent a jugador 2 |
| 44:25 | Fat B · tribute_sent a jugador 3 |
| 44:25 | Fat B · tribute_sent a jugador 4 |
| 44:25 | Fat B · tribute_sent a jugador 5 |
| 44:25 | Fat B · tribute_sent a jugador 6 |
| 44:25 | Fat B · tribute_sent a jugador 7 |
| 44:25 | Fat B · tribute_sent a jugador 8 |
| 46:12 | PauDeVaraPica · age_up imperial |
| 49:17 | Le Gargalle · wall_segment Stone Wall x20 |
| 50:07 | Fat B · tribute_sent a jugador 2 |
| 50:07 | Fat B · tribute_sent a jugador 3 |
| 50:07 | Fat B · tribute_sent a jugador 4 |
| 50:07 | Fat B · tribute_sent a jugador 5 |
| 50:07 | Fat B · tribute_sent a jugador 6 |
| 50:07 | Fat B · tribute_sent a jugador 7 |
| 50:07 | Fat B · tribute_sent a jugador 8 |
| 50:33 | Joooooooooooe · first_building Stable |
| 50:43 | Le Gargalle · wall_segment Stone Wall x6 |
| 51:17 | Le Gargalle · wall_segment Stone Wall x5 |
| 55:01 | PauDeVaraPica · tribute_sent a jugador 1 |
| 55:01 | PauDeVaraPica · tribute_sent a jugador 2 |
| 55:01 | PauDeVaraPica · tribute_sent a jugador 3 |
| 55:01 | PauDeVaraPica · tribute_sent a jugador 4 |
| 55:01 | PauDeVaraPica · tribute_sent a jugador 5 |
| 55:01 | PauDeVaraPica · tribute_sent a jugador 6 |
| 55:01 | PauDeVaraPica · tribute_sent a jugador 7 |
| 55:04 | Failuminati · first_building Siege Workshop |
| 55:08 | Joooooooooooe · tribute_sent a jugador 1 |
| 55:08 | Joooooooooooe · tribute_sent a jugador 3 |
| 55:08 | Joooooooooooe · tribute_sent a jugador 4 |
| 55:08 | Joooooooooooe · tribute_sent a jugador 5 |
| 55:08 | Joooooooooooe · tribute_sent a jugador 6 |
| 55:08 | Joooooooooooe · tribute_sent a jugador 7 |
| 55:08 | Joooooooooooe · tribute_sent a jugador 8 |
| 58:27 | Le Gargalle · age_up imperial |
| 60:14 | AleAnonMallo · first_building Siege Workshop |
| 60:45 | Failuminati · resign |
[ ANÁLISIS IA · 1 CRÉDITO ]
¿Qué pasó realmente en esta partida?
Wolo.gg analiza cada decisión: build order, eco, micro, errores típicos por bracket. Análisis personalizado por WhatsApp o Discord en 30 segundos.
Guía civ
Francos
Perfil
AleAnonMallo